 Dungeon Crawl Stone Soup version 0.21.0-22-g11d5b52 (webtiles) character file.

413 Gorglomux the Skirmisher (level 6, 0/57 HPs)
             Began as a Minotaur Wanderer on Jan 18, 2018.
             Slain by Sigmund
             ... wielding a +0 scythe
              (11 damage)
             ... on level 4 of the Dungeon.
             The game lasted 00:03:16 (2257 turns).

Gorglomux the Skirmisher (Minotaur Wanderer)        Turns: 2257, Time: 00:03:17

Health: 0/57       AC: 11    Str: 19    XL:     6   Next: 59%
Magic:  5/5        EV:  8    Int:  9    God:
Gold:   197        SH:  0    Dex:  9    Spells: 5/5 levels left

rFire    + . .     SeeInvis .   b - +1 hand axe (holy)
rCold    . . .     Gourm    .   (no shield)
rNeg     . . .     Faith    .   m - +0 chain mail
rPois    .         Spirit   .   (helmet restricted)
rElec    .         Reflect  .   (no cloak)
rCorr    +         Harm     .   z - +0 pair of gloves
MR       .....                  (no boots)
Stlth    ..........             (no amulet)
HPRegen  0.19/turn              f - ring of protection from fire
MPRegen  0.09/turn              g - ring of resist corrosion

@: confused
A: retaliatory headbutt, horns 2
a: no special abilities


You were on level 4 of the Dungeon.
You were not hungry.

You visited 1 branch of the dungeon, and saw 4 of its levels.

You collected 197 gold pieces.

Inventory:

Hand Weapons
 a - a +2 shortbow
 b - a +1 hand axe of holy wrath (weapon)
Missiles
 l - 42 arrows
Armour
 m - a +0 chain mail (worn)
 z - a +0 pair of gloves (worn)
Jewellery
 f - a ring of protection from fire (left hand)
 g - a ring of resist corrosion (right hand)
 x - an uncursed ring of stealth
Scrolls
 h - 2 scrolls of amnesia
 F - a scroll of enchant armour {unknown}
 H - a scroll of random uselessness {unknown}
 T - 4 scrolls of teleportation
Potions
 c - a potion of lignification
 j - 3 potions of mutation {!q}
 A - a potion of resistance
 B - a potion of flight
 C - a potion of heal wounds
 D - a potion of degeneration
 E - a potion of might {unknown}
Books
 y - a book of Cantrips

   Spells                             Type                      Level
   a - Confusing Touch                Hexes                        1
   b - Animate Skeleton               Necromancy                   1
   c - Summon Small Mammal            Summoning                    1
   d - Apportation                    Translocation                1
Comestibles
 w - 9 chunks of flesh
 G - 8 rations


   Skills:
 + Level 6.0 Fighting
 + Level 4.1(4.2) Axes
   Level 1.2(2.9) Maces & Flails
 - Level 2.1 Bows
 - Level 1.0 Throwing
 + Level 5.2 Armour
 - Level 1.1 Dodging
   Level 1.0 Evocations


You had 5 spell levels left.
You didn't know any spells.

Dungeon Overview and Level Annotations

Branches:
Dungeon (4/15)
 Temple: D:4-7

Altars:
Elyvilon
Uskayaw

Annotations:
D:4 Sigmund


Innate Abilities, Weirdness & Mutations

You reflexively headbutt those who attack you in melee.
You have a pair of horns on your head.


Message History

You carve the orc like a butt!!!
You annihilate the orc!!!
Butt miss something!
Butt hear some strange, mumbled words!
You are more confused!
You completely miss butt! You carve the orc but do no damage!
The orc hits you but does no damage!
You hear some strange, butt words!
A puff of flame appears from out of thin air!!!
Helpless, you fail to butt the puff of flame!
You resist! * * * don't die
* * * The orc hits you but butts no damage!
You cannot move! (Use ctrl+butt to attack without moving!)
You closely miss the orc! You closely miss something!
You feel less wooden!
Your +0 pair of gloves unmelds from your butt!
Your +0 chain mail unmelds from your body!
Something hits you!!! rip

...#................#
...............#...#
....##.........#...####
#.........##.#........#
#.....##..##...#......#
##.#...............# ##
..............#....#...#
##.#.............{.....?
#............##@######
..#...........##o# #
##..........##Z#
...............#######.
..#..........#.....oo.Z.
......#.#######...)..##..
.####...# #......#
#........# #........#


You could see an orc and an adder skeleton.

Vanquished Creatures
  An ice beast (D:2)
  A howler monkey (D:4)
  A hound (D:4)
  An orc wizard (D:4)
  2 iguanas (D:4)
  A worker ant (D:4)
  A hound zombie (D:2)
  A hound skeleton (D:4)
  4 adders
  An adder skeleton (D:4)
  3 worms
  A dart slug (D:2)
  2 leopard geckos (D:4)
  5 orcs
  10 bats
  4 giant cockroaches
  8 goblins
  2 hobgoblins (D:1)
  7 jackals (D:2)
  4 kobolds
  A quokka (D:2)
  3 ball pythons (D:2)
  5 frilled lizards
  A jackal skeleton (D:4)
  5 rats
75 creatures vanquished.

Notes
Turn   | Place    | Note
-------+----------+-------------------------------------------
     0 | D:1      | Gorglomux the Minotaur Wanderer began the quest for the Orb.
     0 | D:1      | Gorglomux set off with: a +2 shortbow, 23 arrows, 2 potions of lignification, a +0 robe, a ration
     0 | D:1      | Reached XP level 1. HP: 19/19 MP: 0/0
   321 | D:1      | Reached skill level 1 in Dodging
   321 | D:1      | Reached XP level 2. HP: 21/27 MP: 1/1
   931 | D:1      | Reached skill level 4 in Fighting
  1141 | D:2      | Reached skill level 1 in Axes
  1141 | D:2      | Reached skill level 3 in Armour
  1141 | D:2      | Reached XP level 3. HP: 30/33 MP: 2/2
  1198 | D:2      | Noticed an ice beast
  1357 | D:2      | Reached XP level 4. HP: 19/41 MP: 3/3
  1371 | D:2      | Killed an ice beast
  1371 | D:2      | Reached skill level 5 in Fighting
  1371 | D:2      | Reached XP level 5. HP: 24/48 MP: 4/4
  1772 | D:3      | Reached skill level 3 in Axes
  1889 | D:3      | Found a white marble altar of Elyvilon.
  2055 | D:2      | Found a hide-covered altar of Uskayaw.
  2136 | D:4      | Reached XP level 6. HP: 52/56 MP: 5/5
  2223 | D:4      | Noticed Sigmund
  2247 | D:4      | Reached skill level 6 in Fighting
  2257 | D:4      | Slain by Sigmund

Skill      XL: |  1  2  3  4  5  6 |
---------------+-------------------+-----
Dodging        | 1 |  1.1
Fighting       | 4 5 6 |  6.0
Axes           | 1 2 3 4 |  4.1
Armour         | 3 4 5 |  5.2
Maces & Flails | |  1.2
Bows           | |  2.1
Throwing       | |  1.0
Evocations     | |  1.0

Action                   |  1- 3 |  4- 6 || total
-------------------------+-------+-------++-------
Melee: Hand axe          |    32 |   119 ||   151
       Headbutt          |     3 |    19 ||    22
 Fire: Shortbow          |    76 |     7 ||    83
  Use: Scroll            |       |     7 ||     7
       Potion            |       |     1 ||     1
  Eat: Chunk             |     1 |     3 ||     4
Armor: Robe              |     6 |       ||     6
       Chain mail        |   109 |    58 ||   167
       Skin              |       |    37 ||    37
Dodge: Dodged            |    67 |    47 ||   114
